 Dungeon Crawl Stone Soup version 0.31.0-32-g396128a36d (webtiles) character file.

Game seed: 2449887645834632539

27 jagang the Slasher (level 3, 0/29 HPs)
             Began as a Human Monk on Mar 12, 2024.
             Slain by a hobgoblin (4 damage)
             ... on level 1 of the Dungeon.
             The game lasted 00:00:55 (337 turns).

jagang the Slasher (Human Monk)                      Turns: 337, Time: 00:00:56

Health: 0/29       AC:  3    Str: 11    XL:     3   Next: 10%
Magic:  3/3        EV: 12    Int: 10    God:
Gold:   0          SH:  0    Dex: 17    Spells: 2/2 levels left

rFire   . . .        h - +0 rapier
rCold   . . .        d - orb {light}
rNeg    . . .        e - +0 leather armour
rPois   .            (no helmet)
rElec   .            (no cloak)
rCorr   .            (no gloves)
SInv    .            (no boots)
Will    .....        (no amulet)
Stlth   +            (no ring)
HPRegen 0.24/turn    (no ring)
MPRegen 0.08/turn

%: no passive effects
@: glowing
A: explore regen
a: no special abilities


You were on level 1 of the Dungeon.
You visited 1 branch of the dungeon, and saw 1 of its levels.

Inventory:

Hand Weapons
 a - a +0 falchion
 h - a +0 rapier (weapon)
Armour
 d - an orb of light (worn)
 e - a +0 leather armour (worn)
Scrolls
 f - a scroll of poison {unknown}
 g - 2 scrolls of blinking {unknown}
Potions
 b - a potion of curing {unknown}
 c - a potion of ambrosia
 i - a potion of brilliance {unknown}


   Skills:
 + Level 3.3 Fighting
 * Level 3.6 Long Blades
 + Level 1.1 Armour
 - Level 3.0 Dodging


You had 2 spell levels left.
You didn't know any spells.
Your spell library was empty.

Dungeon Overview and Level Annotations

Branches:
Dungeon (1/15)

Altars:


Innate Abilities, Weirdness & Mutations

You regain HP and MP as you explore.


Message History

You hit the dart slug but do no damage.
The frilled lizard hisses.
The frilled lizard closely misses you.
You hit the dart slug.
The dart slug is moderately wounded.
The frilled lizard barely misses you. The dart slug closely misses you.
You hit the dart slug.
The dart slug is heavily wounded.
The frilled lizard bites you. The dart slug launches a dart at you.
The slug dart hits you.
You hit the dart slug.
You kill the dart slug!
The frilled lizard bites you. The frilled lizard barely misses you.
The hobgoblin misses you.
You have reached level 3!
Your experience leads to an increase in your attributes!
Increase (S)trength, (I)ntelligence, or (D)exterity?
You feel agile. x2
You closely miss the frilled lizard. The hobgoblin hits you.
The frilled lizard closely misses you.
You are too injured to fight recklessly!
You are too injured to fight recklessly!
You puncture the frilled lizard!
You kill the frilled lizard!
The hobgoblin hits you.
You puncture the jackal!
You kill the jackal!
The hobgoblin completely misses you. The jackal bites you.
You hit the jackal.
The jackal is moderately wounded.
The jackal completely misses you. The hobgoblin hits you.
* * * LOW HITPOINT WARNING * * *
You barely miss the jackal. The jackal barely misses you.
The hobgoblin hits you.
* * * LOW HITPOINT WARNING * * *
The jackal completely misses you.
You completely miss the jackal. The jackal barely misses you.
The hobgoblin hits you.
You die...

.##.# #..##.#..##.#. ###.# #..#
#....##....# #.# #!.#
#..##.#..##.# #.#
#..##.#.##..#.##.. #.# #..##
#....##....# #.# ####### #..##..
.##..#.##. #.# #.....# #r...
#..##.#. # #.###.......##hg#
##....# ###............#@####..#
#..##.# ..†...........?......#
#..#.##.. ######.......).#...###
...##....#
#............#.#....#.##..#.##.
###..........#.###..##.#..##.#.
####...............##....##....#
#..................#..##.#..##.#
>..###...............#.##..#.##..
## #.......>......##....##....#


You could see a jackal, a hobgoblin and a rat.

Vanquished Creatures
  A dart slug (D:1)
  2 ball pythons (D:1)
  2 bats (D:1)
  An endoplasm (D:1)
  A giant cockroach (D:1)
  2 goblins (D:1)
  A hobgoblin (D:1)
  7 jackals (D:1)
  A quokka (D:1)
  2 frilled lizards (D:1)
  A rat (D:1)
21 creatures vanquished.

Notes
Turn   | Place    | Note
-------+----------+-------------------------------------------
     0 | D:1      | jagang the Human Monk began the quest for the Orb.
     0 | D:1      | Reached XP level 1. HP: 18/18 MP: 1/1
   135 | D:1      | Reached XP level 2. HP: 21/24 MP: 2/2
   328 | D:1      | Reached skill level 1 in Armour
   332 | D:1      | Reached XP level 3. HP: 16/29 MP: 3/3
   337 | D:1      | Slain by a hobgoblin

Illustrated notes

Levels and vault maps discovered:
D:1:      dpeg_arrival_erosion, layout_rooms, nicolae_eternal_life

Skill      XL: |  1  2 |
---------------+-------+-----
Armour         | 1 |  1.1
Fighting       | |  3.3
Long Blades    | |  3.6
Dodging        | |  3.0

Action                     || total
---------------------------++-------
  Melee: Falchion          ||    44
         Rapier            ||    33
 Armour: Leather armour    ||    48
         Robe              ||     2
  Dodge: Dodged            ||    80
